AoeStats
← tonytctang

Black Forest

503963777Analyzed
4v4 RM · 1mo ago on Sep 3, 2026· 48m 18s· 8 players
Game mode
Random Map
Map size
Large (8 player)
Population
200
Speed
Normal
Resources
Standard
Victory
Conquest
Starting age
Dark Age
Ending age
Imperial Age
RankedLock teamsTeams togetherTeam positionsShared explorationLock speedFull tech treeHidden civsTurbo modeCheats
Victory
Defeat
🇭🇰 Turks · Hong Kong SAR China
1114
+11
🇭🇰 Saracens · Hong Kong SAR China
1097
+12
🇺🇸 Bohemians · United States
1075
+13
🇹🇷 Turks · Türkiye
963
+19
🇪🇸 Japanese · Spain
1021
-14
🇦🇺 Celts · Australia
1017
-14
🇨🇳 Cumans · China
1008
-21
🇨🇳 Mongols · China
1001
-13
雷欧
5:28 Loom
12:52 Feudal Age
13:31 Double-Bit Axe
16:05 Horse Collar
21:41 Fishing Lines
26:57 Castle Age
25:34 Wheelbarrow
27:08 Scale Barding Armor
27:28 Bloodlines
28:54 Gold Mining
28:55 Stone Mining
29:19 Bow Saw
29:12 Heavy Plow
28:55 Light Cavalry
33:43 Imperial Age
34:00 Chain Barding Armor
34:39 Forging
33:55 Cavalier
35:28 Hand Cart
38:37 Conscription
42:07 Gold Shaft Mining
42:57 Plate Barding Armor
42:58 Iron Casting
44:18 Two-Man Saw
43:51 Crop Rotation
44:39 Paladin
626464865
1:08 Loom
12:08 Feudal Age
12:52 Double-Bit Axe
14:55 Horse Collar
17:23 Castle Age
19:19 Bow Saw
21:50 Wheelbarrow
23:52 Gold Mining
24:55 Padded Archer Armor
26:49 Thumb Ring
27:11 Hand Cart
30:37 Imperial Age
29:07 Hand Cart
31:33 Leather Archer Armor
32:26 Gold Shaft Mining
32:30 Parthian Tactics
32:06 Fletching
32:47 Ballistics
33:02 Bodkin Arrow
33:05 Capped Ram
34:16 Conscription
34:20 Bracer
34:41 Elite Mangudai
35:11 Siege Ram
36:40 Fortified Wall
37:34 Chemistry
36:45 Nomads
37:50 Siege Engineers
39:16 Masonry
39:01 Stone Mining
40:39 Onager
SnooP OrO
12:20 Feudal Age
18:21 Castle Age
16:33 Horse Collar
16:42 Double-Bit Axe
20:27 Wheelbarrow
19:38 Loom
24:21 Heavy Plow
30:25 Gold Mining
30:54 Fishing Lines
34:00 Imperial Age
32:55 Hand Cart
32:44 Scale Mail Armor
32:55 Forging
33:07 Ballistics
32:29 Treadmill Crane
32:57 Gillnets
35:27 Chain Mail Armor
35:48 Iron Casting
34:40 Elite Samurai
35:42 Kataparuto
35:42 Conscription
36:43 Plate Mail Armor
37:15 Chemistry
36:35 Town Watch
37:31 Gold Shaft Mining
36:50 Gambesons
37:10 Squires
36:32 Pikeman
37:08 Arson
38:40 Blast Furnace
37:36 Stone Mining
38:05 Masonry
37:51 Murder Holes
38:11 Fortified Wall
38:23 Bow Saw
37:57 Capped Ram
38:00 Halberdier
38:24 Onager
48:19 Two-Man Saw
HanzVermhat
0:40 Loom
11:51 Feudal Age
20:06 Castle Age
18:09 Double-Bit Axe
18:07 Horse Collar
18:40 Stone Mining
20:14 Wheelbarrow
20:15 Town Watch
27:28 Gambesons
32:00 Imperial Age
29:52 Hand Cart
30:28 Bow Saw
31:41 Scale Mail Armor
31:51 Forging
33:45 Conscription
33:43 Chain Mail Armor
34:04 Iron Casting
34:32 Onager
34:33 Capped Ram
35:31 Gold Mining
35:44 Heavy Plow
36:19 Plate Mail Armor
36:07 Fletching
35:55 Pikeman
38:36 Blast Furnace
40:41 Siege Ram
40:56 Cavalier
41:40 Husbandry
41:38 Heavy Scorpion
tonytctang
2:31 Loom
13:22 Feudal Age
13:57 Double-Bit Axe
14:14 Gold Mining
15:50 Horse Collar
20:38 Castle Age
19:07 Stone Mining
20:06 Wheelbarrow
21:57 Bow Saw
23:11 Heavy Plow
24:14 Gold Shaft Mining
23:58 Hand Cart
25:12 Fishing Lines
25:34 Town Watch
26:13 Caravan
27:04 Gillnets
31:25 Imperial Age
31:31 Forging
31:11 Fletching
31:28 Scale Barding Armor
32:34 Conscription
31:34 Elite Mameluke
33:31 Two-Man Saw
32:45 Bloodlines
33:14 Iron Casting
32:55 Husbandry
34:31 Chain Barding Armor
35:54 Blast Furnace
37:02 Chemistry
36:23 Ballistics
36:08 Siege Engineers
36:14 Masonry
35:45 Treadmill Crane
35:29 Light Cavalry
36:59 Plate Barding Armor
37:41 Padded Archer Armor
37:40 Hussar
39:33 Town Patrol
39:41 Bodkin Arrow
44:13 Fortified Wall
43:59 Murder Holes
44:10 Bracer
44:26 Leather Archer Armor
44:11 Scale Mail Armor
45:18 Thumb Ring
kit7292001
1:45 Loom
13:03 Feudal Age
14:19 Double-Bit Axe
17:04 Wheelbarrow
19:48 Castle Age
19:03 Gold Mining
19:08 Stone Mining
27:45 Imperial Age
27:32 Scale Barding Armor
28:06 Bow Saw
28:34 Gold Shaft Mining
28:25 Horse Collar
29:08 Hand Cart
32:58 Artillery
33:36 Forging
34:15 Guilds
34:42 Caravan
38:04 Chain Barding Armor
38:24 Iron Casting
38:28 Elite Janissary
42:51 Fletching
43:02 Padded Archer Armor
43:02 Scale Mail Armor
44:02 Blast Furnace
43:38 Plate Barding Armor
Sgt. Shaftoe
1:23 Loom
12:32 Feudal Age
17:40 Castle Age
15:36 Double-Bit Axe
23:49 Wheelbarrow
22:59 Town Watch
23:11 Horse Collar
30:29 Imperial Age
28:35 Bow Saw
28:27 Heavy Plow
29:04 Fletching
29:25 Forging
29:15 Scale Mail Armor
30:18 Chemistry
30:20 Treadmill Crane
30:50 Masonry
30:21 Pikeman
31:02 Squires
31:36 Bodkin Arrow
32:41 Conscription
33:09 Siege Engineers
33:29 Chain Mail Armor
33:49 Iron Casting
35:03 Two-Man Saw
34:38 Halberdier
35:57 Plate Mail Armor
36:28 Blast Furnace
36:02 Ballistics
36:27 Wagenburg Tactics
37:08 Hand Cart
37:53 Bracer
38:29 Houfnice
40:47 Town Patrol
40:51 Padded Archer Armor
40:56 Scale Barding Armor
47:47 Hussite Reforms
48:06 Chain Barding Armor
ertk
0:38 Loom
12:25 Feudal Age
17:39 Castle Age
15:38 Double-Bit Axe
15:35 Horse Collar
17:40 Wheelbarrow
19:49 Bow Saw
23:56 Fishing Lines
25:21 Heavy Plow
31:48 Imperial Age
29:49 Gold Mining
31:41 Gold Shaft Mining
31:59 Hand Cart
31:30 Town Watch
31:30 Treadmill Crane
32:11 Ballistics
32:20 Padded Archer Armor
32:10 Fletching
32:39 Gillnets
34:06 Artillery
33:27 Elite Janissary
35:57 Bombard Tower
38:25 Husbandry
38:35 Bloodlines
38:45 Leather Archer Armor
38:26 Bodkin Arrow
38:42 Forging
38:33 Scale Mail Armor
38:38 Scale Barding Armor
41:15 Ring Archer Armor
40:47 Bracer
41:55 Iron Casting
43:58 Caravan
47:24 Chain Barding Armor
47:19 Chain Mail Armor
48:05 Blast Furnace
Connection lost

Rejoining the realm…

Still unreachable

The connection could not be restored.

Session expired

The server has moved on; the page needs a fresh start.